 Dungeon Crawl Stone Soup version 0.13.1-19-g4b9377e (webtiles) character file.

233 Nakatomy the Poker (level 4, 0/39 HPs)
             Began as a Minotaur Fighter on Dec 23, 2013.
             Slain by a scorpion (1 damage)
             ... on Level 5 of the Dungeon.
             The game lasted 00:14:25 (1832 turns).

Nakatomy the Poker (Minotaur Fighter)               Turns: 1832, Time: 00:14:25

HP   0/39        AC  6     Str 22      XL: 4   Next: 76%
MP   1/1         EV 11     Int  5      God:
Gold 112         SH 20     Dex 14      Spells:  0 memorised,  3 levels left

Res.Fire  : . . .   See Invis. : .   a - +0 trident
Res.Cold  : . . .   Warding    : .   b - +0 scale mail
Life Prot.: . . .   Conserve   : .   c - +0 shield
Res.Poison: .       Res.Corr.  : .   (helmet restricted)
Res.Elec. : .       Clarity    : .   (no cloak)
Sust.Abil.: . .     Spirit.Shd : .   (no gloves)
Res.Mut.  : .       Stasis     : .   (no boots)
Res.Rott. : .       Flight     : .   (no amulet)
Saprovore : . . .                    (no ring)
                                     (no ring)

@: agile, mildly poisoned, slightly resistant to hostile enchantments, very
unstealthy
A: retaliatory headbutt, horns 2
a: no special abilities


You were on level 5 of the Dungeon.
You were hungry.

You visited 1 branch of the dungeon, and saw 5 of its levels.

You collected 92 gold pieces.

Inventory:

Hand weapons
 a - a +0,+0 trident (weapon)
Armour
 b - a +0 scale mail (worn)
 c - a +0 shield (worn)
Magical devices
 o - a wand of lightning (7) {unknown}
 u - a wand of heal wounds (4) {unknown}
Comestibles
 d - 3 bread rations
 f - 3 meat rations
 v - 2 chunks of hobgoblin flesh
Scrolls
 g - 6 scrolls of remove curse {unknown}
 h - 4 scrolls of identify {unknown}
 i - 3 scrolls of curse jewellery {unknown}
 j - a scroll of noise {unknown}
 k - a scroll of enchant weapon II {unknown}
 l - a scroll of random uselessness {unknown}
 m - a scroll of enchant weapon I {unknown}
 p - a scroll of teleportation {unknown}
 s - a scroll of enchant armour {unknown}
 t - a scroll of recharging {unknown}
Jewellery
 q - an uncursed ring of fire {unknown}
Potions
 r - a potion of agility
 w - a potion of curing {unknown}


   Skills:
 - Level 3.7 Fighting
 + Level 6.0 Polearms
 - Level 3.6 Armour
 - Level 3.6 Shields


You had 3 spell levels left.
You didn't know any spells.

Dungeon Overview and Level Annotations

Branches:
Dungeon (5/27)
 Temple: D:4-7

Altars:
Yredelemnul

Shops:
D:4 (   D:5 /?


Innate Abilities, Weirdness & Mutations

You reflexively headbutt those who attack you in melee.
You have a pair of horns on your head.


Message History

Number of times to repeat, then command key: You must enter the number of times for the command to repeat.
Found an escape hatch in the ceiling.
* * * LOW HITPOINT WARNING * * *
You feel sick.
You feel a little better.
* * * LOW HITPOINT WARNING * * *
You feel sick. You block the scorpion's attack.
You see here a slimy purple potion.
The crimson imp summons a swarm of flies.
The crimson imp blinks!
* * * LOW HITPOINT WARNING * * *
You feel sick.
You feel a little better.
Found a scroll labeled SIUZUF NAGHU.
There is a stone staircase leading down here.
* * * LOW HITPOINT WARNING * * *
You feel sick. The scorpion stings you.
You die...

.........#
#.........#
#.........#
#.......!.#
#.........#
#.........#
#.........#
#......s..#
#......@..###
................?
...............
................
................
....∩....%.......
..........>.......
^.................
...................


You could see a scorpion.

Vanquished Creatures
  A worker ant (D:4)
  An ogre zombie (D:4)
  4 adders
  A worm (D:3)
  A scorpion zombie (D:4)
  3 giant cockroaches
  5 hobgoblins
  4 kobolds
  A quokka (D:4)
  A bat (D:2)
  2 giant geckos
  A giant gecko zombie (D:4)
  3 giant newts
  4 goblins
  2 jackals (D:2)
  A kobold zombie (D:4)
  7 rats
  2 plants (D:4)
44 creatures vanquished.

Notes
Turn   | Place    | Note
--------------------------------------------------------------
     0 | D:1      | Nakatomy, the Minotaur Fighter, began the quest for the Orb.
     0 | D:1      | Reached XP level 1. HP: 19/19 MP: 0/0
   665 | D:2      | Reached XP level 2. HP: 23/26 MP: 0/0
   869 | D:2      | Reached skill level 4 in Polearms
   869 | D:2      | Reached XP level 3. HP: 33/33 MP: 1/1
   903 | D:2      | Nakatomy: ich muss was für mutter machen :-(
   903 | D:2      | Nakatomy: denke das dauert auch 30 min -.-
   903 | D:2      | eXcel: hm ok
   903 | D:2      | eXcel: ich kann das nicht gutheißen dass dich deine mutter vom crawl zocken abhält
   904 | D:2      | Found a basalt altar of Yredelemnul.
  1006 | D:2      | Nakatomy: ok
  1044 | D:2      | Nakatomy: da stimme ich dir zu
  1388 | D:3      | Reached skill level 5 in Polearms
  1593 | D:4      | Found Qiliadiug's Weapon Shop.
  1606 | D:4      | eXcel: der speer sieht nice aus
  1606 | D:4      | eXcel: und für nur 1500 gp!
  1606 | D:4      | Nakatomy: jo ich war gerade mal im wiki
  1606 | D:4      | Nakatomy: und habe mir stats vom grund speer angeschaut
  1606 | D:4      | Nakatomy: nicht wirklich guter grund dmg - aber sehr hoher speed und +7 ist auch ganz nett
  1611 | D:4      | Reached XP level 4. HP: 39/39 MP: 1/1
  1745 | D:5      | Entered Level 5 of the Dungeon
  1745 | D:5      | Found Uwoigrui's Magic Scroll Shop.
  1762 | D:5      | Found Waacah's Magical Wand Shop.
  1789 | D:4      | Nakatomy: ach fuck
  1789 | D:4      | Nakatomy: da findet das drecks vieh mich von der anderen seite -.-
  1789 | D:4      | Nakatomy: entweder hier rennen 2 rum oder der ist ein gutes stück gelaufen um jetzt da zu sein -.-
  1789 | D:4      | eXcel: bleibt dir wohl nix anderes übrig als es hart zu bashen
  1789 | D:4      | eXcel: was ich übrigens in jeder erdenklichen situation nur empfehlen kann (protip)
  1789 | D:4      | Nakatomy: nach vorne rausbashen und sterben oder nach hinten laufen und sterben xD?
  1789 | D:4      | Nakatomy: war das jetzt protip 4 oder 5? wenn es nr. 4 ist wäre es nicht so gut - denn 5 ist eine viel mächtigere zahl!
  1789 | D:4      | eXcel: ich hab nicht mitgezählt
  1789 | D:4      | eXcel: ist dein job, du schreibst es schließlich alles auf
  1793 | D:4      | Nakatomy: ich sterbe ^^
  1793 | D:4      | eXcel: guck nach potions oder scrolls!
  1796 | D:4      | eXcel: na also
  1796 | D:4      | Nakatomy: sterbe ich einfach später
  1796 | D:4      | eXcel: scrolls?
  1796 | D:4      | Nakatomy: ich denke ich muss den oger töten
  1796 | D:4      | eXcel: teleport oder so
  1796 | D:4      | Nakatomy: vorne raus geht nicht
  1796 | D:4      | eXcel: aber ja.. ich würd im zweifelsfall den oger zuerst bashen
  1796 | D:4      | eXcel: versuch reaching attack
  1801 | D:4      | Reached skill level 6 in Polearms
  1832 | D:5      | HP: 1/39 [poisoned by a kobold]
  1832 | D:5      | Slain by a scorpion

Action                   |  1- 3 |  4- 6 || total
-------------------------+-------+-------++-------
Melee: Trident           |    98 |    75 ||   173
  Use: Potion            |       |     2 ||     2
